 Dungeon Crawl Stone Soup version 0.28.0-45-g0d030f2227 (webtiles) character file.

Game seed: 9302349247106651919

72 Zeor the Twirler (level 4, -3/27 HPs)
             Began as a Gargoyle Gladiator on Apr 4, 2022.
             Slain by Crazy Yiuf
             ... wielding a +2 quarterstaff of chaos
              (7 damage)
             ... while paralysed by Crazy Yiuf
             ... on level 2 of the Dungeon.
             The game lasted 00:06:55 (1604 turns).

Zeor the Twirler (Gargoyle Gladiator)               Turns: 1604, Time: 00:06:56

Health: -3/27      AC: 14    Str: 19    XL:     4   Next: 25%
Magic:  4/4        EV:  2    Int:  9    God:
Gold:   48         SH:  0    Dex: 11    Spells: 3/3 levels left

rFire   . . .      SeeInvis .   a - +0 quarterstaff
rCold   . . .      Faith    .   (shield currently unavailable)
rNeg    + . .      Spirit   .   m - +0 chain mail
rPois   ∞          Reflect  +   c - +0 helmet
rElec   +          Harm     .   (no cloak)
rCorr   .          Rampage  .   g - +1 pair of gloves
Will    .....                   (no boots)
Stlth   ..........              j - amulet of reflection
HPRegen 0.09/turn               (no ring)
MPRegen 0.09/turn               (no ring)

@: paralysed, hasted
A: sickness immunity, AC +3, negative energy resistance 1, electricity
resistance, torment resistance 1, petrification resistance
a: no special abilities


You were on level 2 of the Dungeon.
You visited 1 branch of the dungeon, and saw 2 of its levels.

You collected 48 gold pieces.

Inventory:

Hand Weapons
 a - a +0 quarterstaff (weapon)
 b - the +9 mace of Departure {pain, Contam rN+ Will+}
   (You found it on level 2 of the Dungeon)

   In the hands of one skilled in necromantic magic, it inflicts extra damage on
   living creatures.
   rN:        It protects you from negative energy.
   Contam:    It causes magical contamination when unequipped.
   Will:      It increases your willpower.
 h - a +2 vorpal flail
 l - a +1 vorpal flail
Missiles
 d - 3 throwing nets (quivered)
 k - 28 bolts
Armour
 c - a +0 helmet (worn)
 g - a +1 pair of gloves (worn)
 m - a +0 chain mail (worn)
Jewellery
 j - an amulet of reflection (around neck)
Scrolls
 n - a scroll of fear
Potions
 e - a potion of curing
 f - 2 potions of cancellation


   Skills:
 + Level 2.8 Fighting
 * Level 4.3 Staves
 + Level 1.8 Throwing
 + Level 0.6 Armour
 + Level 2.6 Dodging


You had 3 spell levels left.
You didn't know any spells.
Your spell library contained the following spells:

 Spells                   Type           Power      Damage    Failure   Level
 Dazzling Flash           Conj/Hex       0%         N/A       100%        3
 Agony                    Necr           0%         N/A       100%        5
 Silence                  Hex/Air        0%         N/A       100%        5


Dungeon Overview and Level Annotations

Branches:
Dungeon (2/15)

Altars:

Annotations:
D:2 Crazy Yiuf


Innate Abilities, Weirdness & Mutations

You are immune to sickness and miasma.
Your stone body is resilient. (AC +3)
You are immune to poison.
You resist negative energy. (rN+)
You are resistant to electric shocks. (rElec)
You are resistant to unholy torment.
You are immune to petrification.


Message History

As you read the scroll of identify, it crumbles to dust.
f - 2 potions of cancellation You see here a +0 short sword.
Found a mace.
Found two maces.
You see here a +0 mace.
Found a runed mace, a bloodstained mace and five maces.
Found a runed translucent door.
You see here a +0 mace.
Found a mace.
Crazy Yiuf shouts!
You see here a +0 mace of draining.
You see here the +9 mace of Departure {pain, Contam rN+ Will+}.
b - the +9 mace of Departure {pain, Contam rN+ Will+}
Found three maces.
You see here a +0 mace.
Press: ? - help, v - describe, . - travel, g - get item
Here: Crazy Yiuf, wielding a +2 quarterstaff of chaos and wearing a +2 cloak of poison resistance (fire blocked by a runed translucent door) Item here: a mace.
The floor.
Okay, then.
As you open the door, it creaks loudly!
It was a potion of heal wounds.
You feel much better. You block Crazy Yiuf's attack.
You closely miss Crazy Yiuf.
Crazy Yiuf drinks a potion.
Crazy Yiuf seems to speed up.
You sock Crazy Yiuf!
Crazy Yiuf is heavily wounded.
Crazy Yiuf hits you with a +2 quarterstaff of chaos!
You feel yourself speed up.
Crazy Yiuf hits you with a +2 quarterstaff of chaos.
You suddenly lose the ability to move!
Crazy Yiuf completely misses you.
Crazy Yiuf hits you with a +2 quarterstaff of chaos!
Crazy Yiuf hits you with a +2 quarterstaff of chaos.
* * * LOW HITPOINT WARNING * * *
Crazy Yiuf freezes you.
* * * LOW HITPOINT WARNING * * *
Crazy Yiuf hits you with a +2 quarterstaff of chaos!
You die...

▒∙∙∙∙∙∙∙∙∙∙∙∙∙∙∙▒∙∙∙
▒∙∙∙∙∙∙∙∙∙∙∙∙∙∙∙▒∙∙∙
▒∙∙∙∙∙∙∙∙∙∙)∙∙∙∙▒∙∙∙
▒▒▒▒▒▒▒▒▒▒▒▒∙∙∙∙▒▒∙
▒∙∙∙▒▒ ▒∙∙▒▒ ▒▒▒
♣♣▒▒∙∙▒ ▒)))▒♣♣
♣♣∙∙∙∙∙▒
▒∙))g9♣♣♣♣∙∙∙∙∙∙▒
▒)))▒♣∙)♣)♣∙∙∙∙▒▒
▒▒▒ ♣♣♣)♣)∙∙∙▒▒
♣♣♣♣♣▒▒▒


You could see Crazy Yiuf (fast).

Vanquished Creatures
  2 adders (D:2)
  A worm (D:2)
  3 dart slugs
  4 orcs (D:2)
  3 ball pythons
  4 bats
  3 endoplasms
  6 goblins
  3 hobgoblins (D:1)
  4 quokkas (D:1)
  A frilled lizard (D:2)
  5 rats
39 creatures vanquished.

Notes
Turn   | Place    | Note
-------+----------+-------------------------------------------
     0 | D:1      | Zeor the Gargoyle Gladiator began the quest for the Orb.
     0 | D:1      | Reached XP level 1. HP: 12/12 MP: 1/1
   132 | D:1      | Reached XP level 2. HP: 17/17 MP: 2/2
   356 | D:1      | Found a faded altar of an unknown god.
   849 | D:1      | Reached XP level 3. HP: 22/22 MP: 3/3
  1083 | D:2      | Reached skill level 4 in Staves
  1393 | D:2      | Reached XP level 4. HP: 25/27 MP: 4/4
  1593 | D:2      | Found a runed translucent door.
  1594 | D:2      | Noticed Crazy Yiuf
  1595 | D:2      | Identified the +9 mace of Departure {pain, Contam rN+
                  | Will+}
  1601 | D:2      | Paralysed by Crazy Yiuf for 7 turns
  1604 | D:2      | Slain by Crazy Yiuf

Illustrated notes

Levels and vault maps discovered:
D:1:      onia_arrival_mini_spirals, layout_basic,
          ebering_ecumenical_altar_sacrificial, chequers_jeans,
          hangedman_glass_teeth, serial_bayou_ford_a
D:2:      layout_rooms, uniq_crazy_yiuf_cottage

Skill      XL: |  1  2  3 |
---------------+----------+-----
Staves         | 4 |  4.3
Fighting       | |  2.8
Throwing       | |  1.8
Armour         | |  0.6
Dodging        | |  2.6

Action                   |  1- 3 |  4- 6 || total
-------------------------+-------+-------++-------
Melee: Quarterstaff      |    87 |    21 ||   108
  Use: Scroll            |     5 |     1 ||     6
       Potion            |       |     1 ||     1
Armor: Leather armour    |     9 |       ||     9
       Ring mail         |    21 |       ||    21
       Chain mail        |       |    13 ||    13
Dodge: Dodged            |    45 |    10 ||    55
Block: Other             |       |     4 ||     4
